 Dungeon Crawl Stone Soup version 0.23.1 (webtiles) character file.

Game seed: 12436995258208139904

233 night the Twirler (level 5, -5/38 HPs)
             Began as a Demonspawn Gladiator on Mar 14, 2019.
             Was an Initiate of Cheibriados.
             Slain by a gnoll
             ... wielding a +0 halberd
              (7 damage)
             ... on level 4 of the Dungeon.
             The game lasted 00:06:32 (2928 turns).

night the Twirler (Demonspawn Gladiator)            Turns: 2928, Time: 00:06:33

Health: -5/38      AC:  8    Str: 15    XL:     5   Next: 75%
Magic:  0/6        EV: 10    Int: 12    God:    Cheibriados [......]
Gold:   140        SH:  0    Dex: 18    Spells: 4/4 levels left

rFire    . . .     SeeInvis .   a - +0 quarterstaff
rCold    . . .     Gourm    .   (shield currently unavailable)
rNeg     . . .     Faith    .   z - +0 scale mail (curse)
rPois    .         Spirit   +   c - +0 helmet
rElec    .         Reflect  .   (no cloak)
rCorr    .         Harm     .   g - +0 pair of gloves
MR       .....                  (no boots)
Stlth    ..........             (no amulet)
HPRegen  0.12/turn              s - +3 ring of dexterity
MPRegen  0.10/turn              (no ring)

@: very slow
A: powered by pain 2, magic shield
a: Bend Time, Renounce Religion


You were on level 4 of the Dungeon.
You worshipped Cheibriados.
Cheibriados was noncommittal.
You were not hungry.

You visited 1 branch of the dungeon, and saw 4 of its levels.

You collected 140 gold pieces.

Inventory:

Hand Weapons
 a - a +0 quarterstaff (weapon)
 m - a +0 hunting sling
 r - a +0 trident
Missiles
 d - 3 throwing nets (quivered)
 j - 28 stones
 p - 17 bolts
 v - 10 arrows
 y - 21 sling bullets
Armour
 b - a +0 leather armour
 c - a +0 helmet (worn)
 g - a +0 pair of gloves (worn)
 n - a cursed +0 ring mail
 z - a cursed +0 scale mail (worn)
Jewellery
 s - a +3 ring of dexterity (left hand)
Scrolls
 e - a scroll of magic mapping {unknown}
 i - a scroll of fear {unknown}
 k - 4 scrolls of identify {unknown}
 l - 3 scrolls of teleportation {unknown}
 o - a scroll of amnesia {unknown}
 A - a scroll of remove curse {unknown}
Potions
 h - 2 potions of brilliance {unknown}
 q - a potion of haste {unknown}
 t - 2 potions of flight {unknown}
 u - a potion of curing {unknown}
 w - a potion of berserk rage {unknown}
 x - a potion of invisibility {unknown}
Comestibles
 f - 6 rations


   Skills:
 - Level 2.0 Fighting
 + Level 5.7 Staves
 - Level 1.7 Throwing
 - Level 2.6 Dodging
 + Level 2.0 Invocations


You had 4 spell levels left.
You didn't know any spells.
Your spell library was empty.

Dungeon Overview and Level Annotations

Branches:
Dungeon (4/15)
 Temple: D:4-7

Altars:
Cheibriados
Gozag
Makhleb
Okawaru


Innate Abilities, Weirdness & Mutations

You sometimes gain power by taking damage.
When hurt, damage is shared between your health and your magic reserves.


Message History

Your Invocations skill increases to level 2!
The gnoll misses you.
You closely miss the hound. The hound barely misses you.
The gnoll barely misses you. The hound bites you but does no damage.
Your scale mail prevents you from hitting the hound.
The hound bites you but does no damage. The gnoll barely misses you.
You hit the hound.
The hound is moderately wounded.
The hound barely misses you. The hound bites you but does no damage.
The gnoll hits you from afar with a +0 halberd.
* * * LOW HITPOINT WARNING * * *
You closely miss the hound.
The hound is moderately wounded.
The hound bites you.
* * * LOW HITPOINT WARNING * * *
You sock the hound!
The hound is almost dead.
The hound misses you.
The gnoll hits you from afar with a +0 halberd!
You die...

.......####### #. ###
......<....... ..# #..
#.#..######### #.# #.# # ##.#..#
######.# #.#######
#.##.#..###......#### #.#......
....................# #.#......
####.##..........##.#####.#......
#.......>.....................
####......###@##.#####.##..###
#.........# #h##.#####.#......
#.##....#.###.g......#.#.#.###
#.##....#........#...#.#.#....
##.##....###.....##...#...#.###
#.....................#...#.##.
########...#......#...#...#..#.
#...#......#...#.#.#..#.
#.........##...#.#.#....


You could see a hound and a gnoll.

Vanquished Creatures
  A crimson imp (D:2)
  A hound (D:4)
  A worker ant (D:4)
  3 gnolls (D:2)
  3 adders
  An ooze (D:1)
  An adder skeleton (D:4)
  A worm (D:2)
  2 dart slugs
  A leopard gecko (D:2)
  An orc (D:3)
  2 ball pythons
  7 giant cockroaches
  9 goblins
  6 hobgoblins
  9 jackals
  8 bats
  4 frilled lizards
  7 kobolds
  6 rats
74 creatures vanquished.

Notes
Turn   | Place    | Note
-------+----------+-------------------------------------------
     0 | D:1      | night the Demonspawn Gladiator began the quest for the Orb.
     0 | D:1      | Reached XP level 1. HP: 16/16 MP: 1/1
    39 | D:1      | Reached skill level 3 in Staves
   224 | D:1      | Gained mutation: When hurt, damage is shared between your
                  | health and your magic reserves. [demonic ancestry]
   224 | D:1      | Reached XP level 2. HP: 7/22 MP: 2/2
   746 | D:1      | Reached XP level 3. HP: 27/27 MP: 3/3
   935 | D:2      | Found an iron altar of Okawaru.
  1105 | D:2      | Reached skill level 4 in Staves
  1283 | D:2      | Gained mutation: You sometimes gain a little power by
                  | taking damage. [demonic ancestry]
  1283 | D:2      | Reached XP level 4. HP: 25/33 MP: 2/4
  1661 | D:2      | Found a burning altar of Makhleb.
  1687 | D:2      | Reached skill level 5 in Staves
  1815 | D:3      | Found an opulent altar of Gozag.
  1879 | D:3      | Gained mutation: You sometimes gain power by taking damage.
                  | [demonic ancestry]
  1879 | D:3      | Reached XP level 5. HP: 36/38 MP: 5/5
  2209 | D:3      | Found a snail-covered altar of Cheibriados.
  2221 | D:3      | Became a worshipper of Cheibriados the Contemplative
  2586 | D:4      | Reached skill level 1 in Invocations
  2928 | D:4      | Slain by a gnoll

Skill      XL: |  1  2  3  4  5 |
---------------+----------------+-----
Staves         | 3 4 5 |  5.7
Invocations    | 2 |  2.0
Fighting       | |  2.0
Throwing       | |  1.7
Dodging        | |  2.6

Action                   |  1- 3 |  4- 6 || total
-------------------------+-------+-------++-------
Melee: Quarterstaff      |   113 |   170 ||   283
Invok: Bend Time         |       |     1 ||     1
 Stab: Sleeping          |       |     1 ||     1
  Eat: Chunk             |     1 |     6 ||     7
Armor: Leather armour    |    65 |    26 ||    91
       Scale mail        |       |    46 ||    46
Dodge: Dodged            |   136 |   127 ||   263
